 Dungeon Crawl Stone Soup version 0.26.0-10-g1f06aea511 (webtiles) character file.

Game seed: 10693313693895496091

105 Dracia the Shield-Bearer (level 4, 0/35 HPs)
             Began as a Demonspawn Fighter on Jan 20, 2021.
             Slain by an orc (2 damage)
             ... on level 3 of the Dungeon.
             The game lasted 00:03:41 (1537 turns).

Dracia the Shield-Bearer (Demonspawn Fighter)       Turns: 1537, Time: 00:03:41

Health: 0/35       AC:  6    Str: 16    XL:     4   Next: 54%
Magic:  4/4        EV:  8    Int: 11    God:
Gold:   79         SH:  9    Dex: 12    Spells: 3/3 levels left

rFire    . . .     SeeInvis .   a - +1 rapier
rCold    . . .     Faith    .   c - +0 kite shield
rNeg     . . .     Spirit   .   b - +0 scale mail
rPois    .         Reflect  .   (no helmet)
rElec    .         Harm     .   (no cloak)
rCorr    .         Rampage  .   (no gloves)
Will     .....                  (no boots)
Stlth    ..........             (no amulet)
HPRegen  0.11/turn              (no ring)
MPRegen  0.09/turn              (no ring)

@: no status effects
A: powered by death 2
a: no special abilities


You were on level 3 of the Dungeon.
You visited 1 branch of the dungeon, and saw 3 of its levels.

You collected 79 gold pieces.


Innate Abilities, Weirdness & Mutations

You regenerate health from kills.


   Skills:
 - Level 3.0 Fighting
 - Level 1.7 Short Blades
 + Level 3.5 Armour
 + Level 2.0 Dodging
 + Level 3.5 Shields


You had 3 spell levels left.
You didn't know any spells.
Your spell library was empty.

Inventory:

Hand Weapons
 a - a +1 rapier (weapon)
Missiles
 p - 3 boomerangs (quivered)
Armour
 b - a +0 scale mail (worn)
 c - a +0 kite shield (worn)
Jewellery
 f - an uncursed amulet of the acrobat {unknown}
 o - a +6 ring of intelligence {unknown}
 q - an uncursed ring of see invisible {unknown}
Wands
 n - a wand of enslavement (9)
Scrolls
 j - a scroll of teleportation {@r4@r4}
Potions
 d - a potion of might
 e - 2 potions of attraction
 g - a potion of haste {@q3@q3}
 h - a potion of ambrosia
 i - a potion of brilliance
 k - a potion of cancellation {unknown}
 l - a potion of flight {unknown}

Dungeon Overview and Level Annotations

Branches:
Dungeon (3/15)

Altars:

#####.#.....##.....)...#
#<.......##.###.......##
#.###.#.###.# ##.....##
#.# #.....#.# ##...##
#.#####.#.#.# #+##
#...........# .#
#########.########.###
#.# #oo.....# #.####@#.#
#.....oo# ######.#.#
#.##.. #.# .... #.# ##.#
#.# # #.. ###


You could see 2 orc priests and 2 orcs.


Message History

You hit the orc.
The orc is severely wounded.
The orc barely misses you. The orc closely misses you.
Unknown command.
You barely miss the orc.
The orc is severely wounded.
You block the orc's attack.
Unknown command.
You hit the frilled lizard.
You kill the frilled lizard!
The orc hits you but does no damage. The orc hits you.
You hit the orc priest.
The orc priest is lightly wounded.
You block the orc priest's attack. The orc priest closely misses you.
The orc hits you. You block the orc's attack.
You barely miss the orc priest.
The orc priest is lightly wounded.
You block the orc priest's attack. You block the orc's attack. x2
The orc priest hits you with a +0 falchion!
The orc priest completely misses you.
You completely miss the orc priest.
The orc priest is lightly wounded.
The orc hits you. The orc closely misses you.
The orc priest hits you with a +0 falchion.
* * * LOW HITPOINT WARNING * * *
The orc priest calls down the wrath of Beogh upon you.
Beogh smites you!
* * * LOW HITPOINT WARNING * * *
The orc hits you but does no damage. The orc hits you.
You die...

Skill      XL: |  1  2  3  4 |
---------------+-------------+-----
Armour         | 3 |  3.5
Shields        | 3 |  3.5
Dodging        | 1 2 |  2.0
Fighting       | |  3.0
Short Blades   | |  1.7

Action                   |  1- 3 |  4- 6 || total
-------------------------+-------+-------++-------
Melee: Rapier            |   119 |    53 ||   172
  Use: Scroll            |     5 |     1 ||     6
Armor: Scale mail        |    54 |    15 ||    69
Dodge: Dodged            |    26 |    25 ||    51
Block: Kite shield       |    52 |    29 ||    81

Levels and vault maps discovered:
D:1:      moated_graveyard_arrival, layout_basic, minmay_pentomino_o4
D:2:      layout_basic
D:3:      layout_loops_corners

Notes
Turn   | Place    | Note
-------+----------+-------------------------------------------
     0 | D:1      | Dracia the Demonspawn Fighter began the quest for the Orb.
     0 | D:1      | Reached XP level 1. HP: 18/18 MP: 1/1
   113 | D:1      | Gained mutation: You regenerate a little health from kills.
                  | [demonic ancestry]
   113 | D:1      | Reached XP level 2. HP: 24/24 MP: 2/2
   122 | D:1      | Reached skill level 3 in Armour
   205 | D:1      | Reached skill level 3 in Shields
   214 | D:1      | Reached skill level 1 in Dodging
   418 | D:1      | Gained mutation: You regenerate health from kills. [demonic
                  | ancestry]
   418 | D:1      | Reached XP level 3. HP: 29/29 MP: 3/3
   423 | D:1      | You fall into a shaft and drop 1 floor!
  1078 | D:2      | Reached XP level 4. HP: 35/35 MP: 4/4
  1459 | D:3      | Reached skill level 2 in Dodging
  1537 | D:3      | HP: 2/35 [orc priest/divine providence (14)]
  1537 | D:3      | Slain by an orc

Vanquished Creatures
  4 adders
  6 dart slugs
  3 leopard geckos
  6 bats
  3 giant cockroaches
  4 goblins
  7 hobgoblins
  A quokka (D:2)
  7 frilled lizards
  4 kobolds
  14 rats
59 creatures vanquished.

Table legend: (Time is in decaauts)
 A = Elapsed time spent in this place.
 B = Non-inter-level travel time spent in this place.
 C = Inter-level travel time spent in this place.
 D = Time resting spent in this place.
 E = Time spent auto-exploring this place.
 F = Levels seen in this place.
 G = Mean time per level.
                   A        B        C        D        E       F      G
               +--------+--------+--------+--------+--------+-----+--------+
         Total |   1570 |   1511 |     59 |      0 |   1142 |   3 |  523.3 |
       Dungeon |   1570 |   1511 |     59 |      0 |   1142 |   3 |  523.3 |
               +--------+--------+--------+--------+--------+-----+--------+

Top non-repeatable levels by time:
     D:1: 840 daAuts
     D:2: 629 daAuts
     D:3: 101 daAuts

Table legend:
 A = Non-vault XP
 B = Vault XP
 C = Vault XP percentage of total XP
 D = Non-vault monster count
 E = Vault monster count
 F = Vault count percentage of total count
                 A         B        C        D         E       F
            +---------+---------+-------+---------+---------+-------
      Total |     142 |       9 |   6.0 |      55 |       4 |   6.8
            +---------+---------+-------+---------+---------+-------
        D:1 |      59 |       9 |  13.2 |      33 |       4 |  10.8
        D:2 |      54 |       0 |   0.0 |      18 |       0 |   0.0
        D:3 |      29 |       0 |   0.0 |       4 |       0 |   0.0
            +---------+---------+-------+---------+---------+-------
